AoeStats
← Malelf

Arabia

507951074Analyzed
1v1 RM · 11d ago on Sep 20, 2026· 24m 25s· 2 players
Game mode
Random Map
Map size
Tiny (2 player)
Population
200
Speed
Normal
Resources
Standard
Victory
Conquest
Starting age
Dark Age
Ending age
Imperial Age
RankedLock teamsTeams togetherTeam positionsShared explorationLock speedFull tech treeHidden civsTurbo modeCheats
Victory
Defeat
🇪🇸 Maya · Spain
1612
+19
🇮🇹 Portuguese · Italy
1686
-19
CQ.Manudq85
0:29 Loom
9:34 Feudal Age
10:07 Double-Bit Axe
12:13 Town Watch
15:49 Fletching
16:30 Scale Mail Armor
17:44 Arson
22:46 Castle Age
21:46 Padded Archer Armor
22:49 Crossbowman
Malelf
7:00 Loom
9:44 Feudal Age
10:29 Double-Bit Axe
10:37 Horse Collar
13:08 Fletching
13:18 Padded Archer Armor
23:17 Castle Age
21:48 Gold Mining
24:38 Wheelbarrow
Connection lost

Rejoining the realm…

Still unreachable

The connection could not be restored.

Session expired

The server has moved on; the page needs a fresh start.